 Dungeon Crawl Stone Soup version 0.30-a0-585-g93115170b9 (webtiles) character file.

Game seed: 1477552560056274109

6050 brightshaft the Skirmisher (level 10, 0/83 HPs)
             Began as a Demigod Hunter on Jan 1, 2023.
             Succumbed to a killer bee's poison
             ... on level 8 of the Dungeon on Jan 2, 2023.
             The game lasted 00:19:01 (8011 turns).

brightshaft the Skirmisher (Demigod Hunter)         Turns: 8011, Time: 00:19:02

Health: 0/83       AC: 11    Str: 12    XL:     10   Next: 31%
Magic:  13/13      EV: 18    Int: 11    God:
Gold:   411        SH:  0    Dex: 29    Spells: 9/9 levels left

rFire   . . .      SeeInvis .    G - +0 longbow
rCold   . . .      Faith    .    (shield currently unavailable)
rNeg    . . .      Spirit   .    f - +2 robe {Archmagi}
rPois   .          Reflect  .    s - +1 helmet
rElec   .          Harm     .    t - +2 cloak
rCorr   .          Rampage  .    (no gloves)
Will    ++...      Archmagi +    y - +0 pair of boots
Stlth   +++                      (no amulet)
HPRegen 0.33/turn                B - ring of willpower
MPRegen 0.13/turn                (no ring)

@: lethally poisoned (0 -> -2)
A: high MP 1, forlorn, divine attributes
a: no special abilities


You were on level 8 of the Dungeon.
You visited 1 branch of the dungeon, and saw 9 of its levels.

You collected 411 gold pieces.

Inventory:

Hand Weapons
 a - a +2 shortbow of draining
 b - a +5 short sword of venom
 G - a +0 longbow (weapon)
Armour
 f - a +2 robe of the Archmagi (worn)
 g - a +0 ring mail
 i - a scarf of resistance
 q - a +0 scale mail
 s - a +1 helmet (worn)
 t - a +2 cloak (worn)
 y - a +0 pair of boots (worn)
 C - +0 swamp dragon scales
Jewellery
 B - a ring of willpower (left hand)
 F - a ring of protection from cold
Wands
 z - a wand of quicksilver (13)
 D - a wand of flame (9) {@v2}
Scrolls
 c - 3 scrolls of immolation
 e - 6 scrolls of teleportation {@r4}
 j - 2 scrolls of magic mapping
 m - 3 scrolls of fog
 o - a scroll of noise
 p - 6 scrolls of identify {@r1}
 v - 2 scrolls of enchant armour
Potions
 d - a potion of curing {@q1}
 h - 3 potions of flight {unknown}
 k - a potion of might {unknown}
 l - a potion of heal wounds {unknown}
 n - 3 potions of lignification {unknown}
 w - a potion of ambrosia {unknown}
 x - a potion of haste {unknown}
 A - a potion of attraction {unknown}


   Skills:
 + Level 5.9 Fighting
 * Level 11.3 Ranged Weapons
 + Level 4.4 Armour
 + Level 6.0 Dodging
 - Level 4.0 Stealth


You had 9 spell levels left.
You didn't know any spells.
Your spell library contained the following spells:

 Spells                   Type           Power      Damage    Failure   Level
 Apportation              Tloc           0%         N/A       34%         1
 Cigotuvi's Dreadful Rot  Necr/Pois/Air  0%         N/A       47%         2
 Poisonous Vapours        Pois/Air       0%         N/A       47%         2
 Mephitic Cloud           Conj/Pois/Air  0%         N/A       71%         3
 Passage of Golubria      Tloc           0%         N/A       98%         4
 Alistair's Intoxication  Tmut/Pois      0%         N/A       100%        5
 Silence                  Hex/Air        0%         N/A       100%        5
 Lehudib's Crystal Spear  Conj/Erth      0%         10d2      100%        8


Dungeon Overview and Level Annotations

Branches:
Dungeon (9/15)             Temple (0/1) D:6            Lair (0/5) D:8
    Orc: D:9-12

Shops:
D:6 *   D:8 (

Annotations:
D:6 1 runed translucent door, NinjaNoafa's ghost, novice MfGl


Innate Abilities, Weirdness & Mutations

You have an increased reservoir of magic. (+10% MP)
You shall have no god before yourself.
Your divine heritage dramatically boosts your attributes as you level up.


Message History

The killer bee stings you.
* * * LOW HITPOINT WARNING * * *
The killer bee misses you.
Fire: G) +0 longbow
Press: ? - help, Shift-Dir - straight line, f/p - killer bee
Aim: a killer bee (severely wounded, 50% to hit)
You shoot an arrow. The arrow barely misses the killer bee.
You feel sick. The killer bee stings you.
* * * LOW HITPOINT WARNING * * *
The killer bee barely misses you. The killer bee completely misses you.
The killer bee barely misses you. The killer bee misses you.
The killer bee stings you but does no damage.
Fire: G) +0 longbow
Press: ? - help, Shift-Dir - straight line, f/p - killer bee
Aim: a killer bee (severely wounded, 50% to hit)
You shoot an arrow. The arrow hits the killer bee.
The killer bee is severely wounded.
You feel sick. The killer bee completely misses you.
The killer bee barely misses you.
The killer bee stings you but does no damage.
The killer bee barely misses you.
The killer bee stings you but does no damage.
The killer bee stings you.
* * * LOW HITPOINT WARNING * * *
The killer bee closely misses you. x2; The killer bee misses you.
Fire: G) +0 longbow
Press: ? - help, Shift-Dir - straight line, f/p - killer bee
Aim: a killer bee (severely wounded, 50% to hit)
You shoot an arrow. The arrow misses the killer bee.
* * * LOW HITPOINT WARNING * * *
You feel sick. The killer bee closely misses you. The killer bee misses you.
The killer bee closely misses you. The killer bee barely misses you.
The killer bee completely misses you. The killer bee misses you.
Unknown command.
Fire: G) +0 longbow
Press: ? - help, Shift-Dir - straight line, f/p - killer bee
Aim: a killer bee (severely wounded, 50% to hit)
You shoot an arrow.
The arrow closely misses the killer bee.
You die...

#.......# #.###...#
#...(..####.##.....
#...........#......
#.........#.#......
#.........'.#......
#.........####.....
#...........###...#
#yyy.......## #####
#†@....###.# ##...#
######.....###.....
########......
#...... #......
##..... ##...#
#####


You could see 3 killer bees.

Vanquished Creatures
  A centaur warrior (D:9)
  Pikel (D:8)
  Maggie (D:8)
  Psyche (D:8)
  A wyvern (D:8)
  6 yaks
  A vampire mosquito (D:8)
  2 steam dragons
  A water moccasin (D:5)
  3 orc warriors
  4 ice beasts
  A sky beast (D:7)
  3 ogres
  5 centaurs
  A phantom (D:6)
  A lemure (D:8)
  A kobold brigand (D:9)
  3 bullfrogs
  3 scorpions
  A necrophage (D:5)
  A gnoll sergeant (D:5)
  2 jellies
  6 killer bees
  A howler monkey (D:8)
  4 hounds
  4 orc priests
  Crazy Yiuf (D:5)
  An iguana (D:5)
  3 orc wizards
  7 gnolls
  6 adders
  A white imp (D:6)
  An ufetubus (D:5)
  3 dart slugs
  30 orcs
  3 bats
  6 endoplasms
  A giant cockroach (D:1)
  7 goblins
  3 hobgoblins
  2 jackals (D:2)
  11 kobolds
  3 quokkas
  4 ball pythons
  8 frilled lizards
  3 rats
163 creatures vanquished.

Notes
Turn   | Place    | Note
-------+----------+-------------------------------------------
     0 | D:1      | brightshaft the Demigod Hunter began the quest for the Orb.
     0 | D:1      | Reached XP level 1. HP: 17/17 MP: 3/3
    85 | D:1      | Reached skill level 4 in Ranged Weapons
   125 | D:1      | Reached XP level 2. HP: 24/24 MP: 4/4
   779 | D:2      | Reached XP level 3. HP: 29/29 MP: 5/5
  1137 | D:2      | Reached skill level 5 in Ranged Weapons
  1577 | D:3      | Reached XP level 4. HP: 36/36 MP: 6/6
  1780 | D:3      | Reached skill level 6 in Ranged Weapons
  1780 | D:3      | Reached XP level 5. HP: 41/41 MP: 7/7
  2823 | D:4      | Noticed an ogre
  2828 | D:4      | Killed an ogre
  2829 | D:4      | Reached skill level 7 in Ranged Weapons
  2829 | D:4      | Reached XP level 6. HP: 48/48 MP: 8/8
  3220 | D:5      | Entered Level 5 of the Dungeon
  3232 | D:5      | Noticed a steam dragon
  3304 | D:5      | Killed a steam dragon
  3371 | D:5      | Noticed a water moccasin
  3378 | D:5      | Killed a water moccasin
  3379 | D:5      | Reached skill level 8 in Ranged Weapons
  3379 | D:5      | Reached XP level 7. HP: 30/53 MP: 9/9
  3656 | D:5      | Identified the +6 hand axe of Nightmares {venom, Dex+2}
  4002 | D:5      | Found a runed translucent door.
  4003 | D:5      | Noticed Crazy Yiuf
  4120 | D:5      | Killed Crazy Yiuf
  4512 | D:5      | Reached XP level 8. HP: 57/63 MP: 10/10
  4547 | D:6      | Reached skill level 9 in Ranged Weapons
  4655 | D:6      | Found a runed translucent door.
  4655 | D:6      | Noticed NinjaNoafa's ghost (novice MfGl)
  4813 | D:6      | Found Okhlutaw's Serpentskin Sales.
  4873 | D:6      | Found a staircase to the Ecumenical Temple.
  5159 | D:7      | Reached skill level 1 in Armour
  5159 | D:7      | Reached skill level 1 in Stealth
  6119 | D:7      | Reached skill level 10 in Ranged Weapons
  6119 | D:7      | Reached XP level 9. HP: 17/72 MP: 11/11
  6530 | D:8      | Noticed Pikel
  6537 | D:8      | Killed Pikel
  6538 | D:8      | Reached skill level 5 in Fighting
  6538 | D:8      | Reached skill level 5 in Dodging
  6665 | D:8      | Noticed Maggie
  6686 | D:8      | Killed Maggie
  6781 | D:8      | Identified the +1 chain mail of the Locust {rC+ Regen+
                  | Str+5 Dex-2}
  6838 | D:8      | Found Xiatar's Weapon Boutique.
  6854 | D:8      | Reached XP level 10. HP: 79/81 MP: 13/13
  6862 | D:8      | Found a staircase to the Lair.
  6882 | D:8      | Noticed Psyche
  6889 | D:8      | Killed Psyche
  6890 | D:8      | Reached skill level 11 in Ranged Weapons
  7522 | D:9      | Noticed a centaur warrior
  7535 | D:9      | Killed a centaur warrior
  7950 | D:9      | Noticed a two-headed ogre
  8009 | D:8      | HP: 1/83 [killer bee (5)]
  8011 | D:8      | Succumbed to a killer bee's poison

Illustrated notes

Levels and vault maps discovered:
D:1:      minmay_arrival_jagged, layout_rooms
D:2:      layout_basic
D:3:      layout_basic, kennysheep_okawaru_gauntlet
D:4:      layout_rooms, kennysheep_little_box, serial_co_window_serial,
          co_window_corner_a, co_window_paths_a, co_window_corner_a,
          co_window_paths_a, co_window_of_opportunity_a,
          co_window_of_opportunity_b, co_window_paths_c, co_window_2corner,
          co_window_corner_b, co_window_broadway_b, minmay_misc_feat_x
D:5:      layout_rooms, uniq_crazy_yiuf_cottage
D:6:      layout_layer_cave, temple_statues, gammafunk_ghost_grave,
          guppyfry_shop_venom
D:7:      layout_basic, overflow_temple_1_default, mainiacjoe_overflow_alcove_2,
          mainiacjoe_overflow_large_starburst, lemuel_round_altar
D:8:      kennysheep_six_static_rooms, layout_basic, elyvilon_altar_4,
          serial_shops, nicolae_shop_bloodbath_and_beyond, grunt_ministairs_15,
          uniq_pikel, uniq_maggie, uniq_psyche
D:9:      layout_roguey, small_chamber_with_monster

Skill      XL: |  1  2  3  4  5  6  7  8  9 10 |
---------------+-------------------------------+-----
Ranged Weapons | 4 5 6 7 8 10 11 | 11.3
Fighting       | 3 4 5 |  5.9
Dodging        | 3 4 5 6 |  6.0
Armour         | 2 3 4 |  4.4
Stealth        | 2 4 |  4.0

Action                   |  1- 3 |  4- 6 |  7- 9 | 10-12 || total
-------------------------+-------+-------+-------+-------++-------
 Fire: Shortbow          |   109 |   113 |   291 |    57 ||   570
       Longbow           |       |       |       |    21 ||    21
  Use: Scroll            |     4 |     4 |     5 |     2 ||    15
       Potion            |       |     2 |     1 |     4 ||     7
Armor: Leather armour    |    18 |    11 |     1 |       ||    30
       Robe              |       |       |    43 |    44 ||    87
Dodge: Dodged            |    33 |    33 |   145 |   141 ||   352

Table legend: (Time is in decaauts)
 A = Elapsed time spent in this place.
 B = Non-inter-level travel time spent in this place.
 C = Inter-level travel time spent in this place.
 D = Time resting spent in this place.
 E = Time spent auto-exploring this place.
 F = Levels seen in this place.
 G = Mean time per level.
                   A        B        C        D        E       F      G
               +--------+--------+--------+--------+--------+-----+--------+
         Total |   8080 |   7880 |    200 |      0 |   6657 |   9 |  897.8 |
       Dungeon |   8080 |   7880 |    200 |      0 |   6657 |   9 |  897.8 |
               +--------+--------+--------+--------+--------+-----+--------+

Top non-repeatable levels by time:
     D:7: 1393 daAuts
     D:5: 1152 daAuts
     D:4: 998 daAuts
     D:2: 919 daAuts
     D:3: 888 daAuts
     D:8: 786 daAuts
     D:9: 766 daAuts
     D:1: 632 daAuts
     D:6: 544 daAuts
